 Dungeon Crawl Stone Soup version 0.20.0-4-g10b340a (webtiles) character file.

377 Iflex the Poker (level 6, -7/47 HPs)
             Began as a Demonspawn Gladiator on May 27, 2017.
             Killed from afar by an orc wizard (11 damage)
             ... with a puff of flame
             ... on level 3 of the Dungeon.
             The game lasted 00:07:26 (2668 turns).

Iflex the Poker (Demonspawn Gladiator)              Turns: 2668, Time: 00:07:26

Health: -7/47      AC:  7    Str: 15    XL:     6   Next: 45%
Magic:  0/6        EV: 13    Int:  9    God:
Gold:   52         SH:  0    Dex: 16    Spells: 5/5 levels left

rFire    . . .     SeeInvis .   a - +0 trident
rCold    . . .     Gourm    .   (no shield)
rNeg     . . .     Faith    .   b - +0 leather armour
rPois    +         Spirit   +   c - +0 helmet
rElec    +         Reflect  .   (no cloak)
rCorr    .         Harm     .   o - +2 pair of gloves
MR       .....     Clarity  +   (no boots)
Stlth    +.........             (no amulet)
Regen    0.2/turn               q - ring of poison resistance
MPRegen  0.1/turn               p - ring of flight

@: no status effects
A: claws 2, clarity, powered by death 2, electricity resistance, evolution 1,
magic shield
a: Evoke Flight


You were on level 3 of the Dungeon.
You were not hungry.

You visited 1 branch of the dungeon, and saw 3 of its levels.

You collected 52 gold pieces.

Inventory:

Hand Weapons
 a - a +0 trident (weapon)
Missiles
 d - 3 throwing nets (quivered)
Armour
 b - a +0 leather armour (worn)
 c - a +0 helmet (worn)
 o - a +2 pair of gloves (worn)
Jewellery
 p - a ring of flight (right hand)
 q - a ring of poison resistance (left hand)
Scrolls
 e - a scroll of teleportation
 g - a scroll of magic mapping {unknown}
 k - 2 scrolls of noise
 l - 2 scrolls of recharging
 n - a scroll of amnesia {unknown}
Comestibles
 f - a bread ration
 i - 4 fruits


   Skills:
 + Level 3.0 Fighting
 + Level 5.0 Polearms
 + Level 2.0 Throwing
 + Level 2.1 Armour
 + Level 3.6 Dodging
 + Level 0.6 Stealth


You had 5 spell levels left.
You didn't know any spells.

Dungeon Overview and Level Annotations

Branches:
Dungeon (3/15)

Altars:


Innate Abilities, Weirdness & Mutations

You have very sharp fingernails.
You regenerate health from kills.
When hurt, damage is shared between your health and your magic reserves.
You possess an exceptional clarity of mind.
You are resistant to electric shocks. (rElec)
You evolve.


Message History

You barely miss something. Something hits you but does no damage.
You hit something. Something hits you but does no damage. Something hits you.
* * * LOW HITPOINT WARNING * * *
You miss something. Something hits you.
* * * LOW HITPOINT WARNING * * *
Something barely misses you.
You barely miss something. Something hits you but does no damage.
You miss something. Something hits you.
* * * LOW HITPOINT WARNING * * *
Something barely misses you.
You feel better.
You hear some strange, mumbled words.
A puff of frost appears from out of thin air!
The puff of frost hits you!
* * * LOW HITPOINT WARNING * * *
You closely miss something.
You hear some strange, mumbled words.
A puff of flame appears from out of thin air!
The puff of flame hits you!
You die...

#.#.#.#.#.#.#.#.#.#.#.#
...
#.#.#.#.#.#.#.#.#.#.##
#..
#.#.#.#.#.#.#.#.#.#.# ..
.#.#.#.#.#.#.#.#......
..
#.#.#.#.#.#.#.#.#......
. #.#.#.#.#.#.#.#.......
#.#.#)#.#.#.#.#.# ..
#.#.#.#.#.#.....# #+
#.......#.#@#...# #.#<
##.....#.#..{...+#.#.#
#......+#'......#.#.#+..
##.....#.#.......#.#.#..
#.......#.......#.#.#..
##.#.#.#.#...#.#.#.#.##
.#.#.#.#....)#.#.#.#.#
#.#.#.#...#.#.#.#.#
#.#.#.#.#+#.#.#.#.#


There were no monsters in sight!

Vanquished Creatures
  The ghost of Gorglomux the Skirmisher, an amateur FoEn (D:3)
  Jessica (D:2)
  Terence (D:2)
  3 adders
  3 oozes
  2 worms (D:2)
  A dart slug (D:1)
  2 leopard geckos (D:3)
  7 orcs
  4 giant cockroaches
  5 goblins
  9 hobgoblins
  4 jackals (D:1)
  9 kobolds
  2 ball pythons
  3 bats (D:1)
  5 frilled lizards
  2 rats (D:1)
64 creatures vanquished.

Vanquished Creatures (others)
  An orc wizard (D:3)
1 creature vanquished.

Grand Total: 65 creatures vanquished

Notes
Turn   | Place    | Note
-------+----------+-------------------------------------------
     0 | D:1      | Iflex the Demonspawn Gladiator began the quest for the Orb.
     0 | D:1      | Reached XP level 1. HP: 16/16 MP: 1/1
    98 | D:1      | Reached skill level 3 in Polearms
    98 | D:1      | Gained mutation: You regenerate a little health from kills. [demonic ancestry]
    98 | D:1      | Reached XP level 2. HP: 19/22 MP: 2/2
   280 | D:1      | Gained mutation: You have sharp fingernails. [demonic ancestry]
   280 | D:1      | Reached XP level 3. HP: 25/27 MP: 3/3
   683 | D:2      | Noticed Jessica
   689 | D:2      | Killed Jessica
   689 | D:2      | Reached skill level 4 in Polearms
   689 | D:2      | Gained mutation: When hurt, damage is shared between your health and your magic reserves. [demonic ancestry]
   689 | D:2      | Reached XP level 4. HP: 16/33 MP: 4/4
   853 | D:2      | Noticed Terence
   870 | D:2      | Killed Terence
  1387 | D:2      | Gained mutation: Your mind is acute. (Int +2) [potion of mutation]
  1387 | D:2      | Gained mutation: Your spells are a little harder to cast, but a little more powerful. [potion of mutation]
  1387 | D:2      | Gained mutation: Your muscles are strong. (Str +2) [potion of mutation]
  1388 | D:2      | Lost mutation: Your muscles are strong. (Str +2) [potion of mutation]
  1388 | D:2      | Lost mutation: Your spells are a little harder to cast, but a little more powerful. [potion of mutation]
  1388 | D:2      | Lost mutation: Your mind is acute. (Int +2) [potion of mutation]
  1388 | D:2      | Gained mutation: You evolve. [potion of mutation]
  1388 | D:2      | Gained mutation: You are resistant to electric shocks. (rElec) [potion of mutation]
  1401 | D:3      | Reached skill level 1 in Armour
  1401 | D:3      | Gained mutation: You regenerate health from kills. [demonic ancestry]
  1401 | D:3      | Reached XP level 5. HP: 33/39 MP: 3/5
  1601 | D:3      | Noticed Gorglomux's ghost (amateur FoEn)
  2209 | D:2      | Gained mutation: You possess an exceptional clarity of mind. [evolution]
  2518 | D:3      | Killed Gorglomux's ghost
  2518 | D:3      | Reached skill level 5 in Polearms
  2518 | D:3      | Gained mutation: You have very sharp fingernails. [demonic ancestry]
  2518 | D:3      | Reached XP level 6. HP: 23/46 MP: 3/6
  2668 | D:3      | Killed from afar by an orc wizard

Skill      XL: |  1  2  3  4  5  6 |
---------------+-------------------+-----
Polearms       | 3 4 5 |  5.0
Dodging        | 3 |  3.6
Armour         | 1 2 |  2.1
Throwing       | 2 |  2.0
Fighting       | 3 |  3.0
Stealth        | |  0.6

Action                   |  1- 3 |  4- 6 || total
-------------------------+-------+-------++-------
Melee: Trident           |    97 |   239 ||   336
Throw: Throwing net      |       |     3 ||     3
  Use: Scroll            |       |     6 ||     6
       Potion            |       |     5 ||     5
 Stab: Sleeping          |       |     3 ||     3
       Distracted        |       |     1 ||     1
  Eat: Chunk             |       |     3 ||     3
       Bread ration      |       |     1 ||     1
Armor: Leather armour    |    20 |    78 ||    98
Dodge: Dodged            |    71 |   143 ||   214
